 Dungeon Crawl Stone Soup version 0.15-a0-2150-g4d68560 (webtiles) character file.

47 fransbal the Grave Robber (level 3, -2/24 HPs)
             Began as a Demonspawn Necromancer on July 18, 2014.
             Slain by an adder (3 damage)
             ... on Level 2 of the Dungeon.
             The game lasted 00:07:30 (1953 turns).

fransbal the Grave Robber (Demonspawn Necromancer)  Turns: 1953, Time: 00:07:30

HP  -2/24        AC  2     Str  8      XL: 3   Next: 48%
MP   0/6         EV 12     Int 17      God:
Gold 31          SH  0     Dex 15      Spells:  3 memorised,  2 levels left

rFire  . . .     SeeInvis .     d - -1 spear (curse)
rCold  . . .     Clarity  .     a - +0 robe
rNeg   . . .     rCorr    .     (no shield)
rPois  .         rRot     .     (helmet restricted)
rElec  .         Spirit   .     (no cloak)
SustAb .         Warding  .     (no gloves)
rMut   .         Stasis   .     (no boots)
Gourm  .                        (no amulet)
MR     .....                    (no ring)
                                (no ring)

@: very slightly contaminated, constricted, not resistant to hostile
enchantments, unstealthy
A: antennae 1, thin skeletal structure 1
a: no special abilities


You were on level 2 of the Dungeon.
You were not hungry.

You visited 1 branch of the dungeon, and saw 2 of its levels.

You collected 31 gold pieces.


Innate Abilities, Weirdness & Mutations

You have a pair of small antennae on your head.
You have a somewhat thin skeletal structure (Dex +2, Stealth).


   Skills:
 - Level 1.7 Dodging
 - Level 1.7 Stealth
 + Level 2.9 Spellcasting
 + Level 5.2 Necromancy


You had 2 spell levels left.
You knew the following spells:

 Your Spells              Type           Power        Failure   Level  Hunger
a - Pain                  Necr           ###.         2%          1    #......
b - Vampiric Draining     Necr           ###.......   10%         3    ###....
n - Animate Skeleton      Necr           N/A          2%          1    #......

Inventory:

Hand weapons
 d - a cursed -1 spear (weapon)
 q - a +1 dagger of holy wrath
Missiles
 p - 21 poisoned needles
Armour
 a - a +0 robe (worn)
Comestibles
 c - 2 bread rations
 f - 4 fruits
 h - a chunk of giant gecko flesh
 k - a meat ration
Scrolls
 g - a scroll of identify
 i - a scroll of immolation
 m - a scroll of teleportation
Jewellery
 j - an uncursed amulet of resist mutation {unknown}
Potions
 n - 4 potions of cancellation
Books
 b - a book of Necromancy

   Spells                             Type                      Level
   *Pain                              Necromancy                   1
   *Animate Skeleton                  Necromancy                   1
   *Vampiric Draining                 Necromancy                   3
   Regeneration                       Charms/Necromancy            3
   Animate Dead                       Necromancy                   4
   Control Undead                     Necromancy                   4


Message History

The adder barely resists.
Your giant gecko skeleton bites the adder.
You closely miss the adder.
The adder is almost dead.
The adder barely misses you.
Your giant gecko skeleton closely misses the adder.
The adder bites you.
* * * LOW HITPOINT WARNING * * *
Unknown command.
Drink which item? (? for menu, Esc to quit)
Okay, then.
Unknown command.
You barely miss the adder.
The adder is almost dead.
The ball python bites you.
* * * LOW HITPOINT WARNING * * *
The ball python grabs you.
* * * LOW HITPOINT WARNING * * *
The ball python constricts you. The adder bites you.
You die...

#...%##.#..# ###
#)......# ....
##...#.##
...#..##..##.
#.........#
#..#..##.###
##....#.Z..#
#....##.SS.#
##...##..@>#
#.....#....#
##.#......#
##...##....# ###
####..#.......#
#.##.#...#####....#
..#..#.### ##b###
###.##.## #.#
#.##..## #.#


You could see an adder, a bat, a ball python and a friendly giant gecko
skeleton.

Vanquished Creatures
  An adder (D:1)
  A worm (D:2)
  2 giant geckos
  A giant cockroach (D:2)
  3 hobgoblins (D:1)
  2 bats (D:1)
  9 goblins
  7 kobolds (D:1)
  2 rats (D:1)
28 creatures vanquished.

Notes
Turn   | Place    | Note
--------------------------------------------------------------
     0 | D:1      | fransbal, the Demonspawn Necromancer, began the quest for the Orb.
     0 | D:1      | Reached XP level 1. HP: 13/13 MP: 3/3
   124 | D:1      | Learned a level 1 spell: Animate Skeleton
   293 | D:1      | Gained mutation: You have a pair of small antennae on your head. [demonic ancestry]
   293 | D:1      | Reached XP level 2. HP: 10/19 MP: 2/4
   909 | D:1      | Reached skill level 5 in Necromancy
   909 | D:1      | Gained mutation: You have a somewhat thin skeletal structure (Dex +2, Stealth). [demonic ancestry]
   909 | D:1      | Reached XP level 3. HP: 10/24 MP: 0/6
   914 | D:1      | Learned a level 3 spell: Vampiric Draining
  1560 | D:2      | HP: 2/24 [worm (9)]
  1572 | D:2      | HP: 1/24 [bat (1)]
  1947 | D:2      | HP: 3/24 [adder (4)]
  1952 | D:2      | HP: 3/24 [adder (3)]
  1953 | D:2      | HP: 1/24 [ball python (1)]
  1953 | D:2      | Slain by an adder

Vault maps used:
D:1:      dpeg_arrival_stonehenge_8_columns, dk_noncrumbling_3, minivault_11,
          minmay_box_of_dots
D:2:      kennysheep_the_goblin_king, first_bread

Action                   || total
-------------------------++-------
Melee: Spear             ||    21
 Cast: Pain              ||    68
       Animate Skeleton  ||     2
  Use: Scroll            ||     4
       Potion            ||     3
  Eat: Fruit             ||     3
       Chunk             ||     1
